 Dungeon Crawl Stone Soup version 0.23-a0-310-gdcc7a32 (webtiles) character file.

88 Amnesiac the Magician (level 4, -4/30 HPs)
             Began as a Mummy Wizard on Oct 13, 2018.
             Was a Follower of Vehumet.
             Slain by an orc
             ... wielding a +0 war axe
              (10 damage)
             ... on level 2 of the Dungeon.
             The game lasted 00:03:43 (2040 turns).

Amnesiac the Magician (Mummy Wizard)                Turns: 2040, Time: 00:03:44

Health: -4/30      AC:  2    Str: 10    XL:     4   Next: 30%
Magic:  4/10       EV: 12    Int: 18    God:    Vehumet [*.....]
Gold:   83         SH:  0    Dex: 10    Spells: 0/11 levels left

rFire    x . .     SeeInvis .   e - +0 spear
rCold    + . .     Gourm    .   (no shield)
rNeg     + + +     Faith    .   a - +0 robe
rPois    ∞         Spirit   .   (no helmet)
rElec    .         Reflect  .   (no cloak)
rCorr    .         Harm     .   (no gloves)
MR       .....                  (no boots)
Stlth    +.........             (no amulet)
HPRegen  0.10/turn              f - ring of attention (curse)
MPRegen  0.12/turn              l - ring of positive energy

@: very slightly contaminated
A: no food or potions, fire vulnerability, cold resistance 1, negative energy
resistance 3, torment resistance, unbreathing
a: Renounce Religion


You were on level 2 of the Dungeon.
You worshipped Vehumet.
Vehumet was aware of your devotion.
You were not hungry.

You visited 1 branch of the dungeon, and saw 4 of its levels.

You collected 83 gold pieces.

Inventory:

Hand Weapons
 e - a +0 spear (weapon)
Armour
 a - a +0 robe (worn)
 b - a +0 hat
Jewellery
 f - a cursed ring of attention (left hand)
 l - a ring of positive energy (right hand)
Scrolls
 c - a scroll of immolation {!r, unknown}
 d - 3 scrolls of enchant weapon {!r}
 g - a scroll of amnesia {!r, unknown}
 h - a scroll of magic mapping {!r}
 i - a scroll of identify {!r}
 j - a scroll of fear {!r}
 k - a scroll of remove curse {!r}
 m - a scroll of noise {!r, unknown}
 n - a scroll of teleportation {!r, unknown}


   Skills:
 - Level 1.5 Dodging
 - Level 1.5 Stealth
 - Level 4.0 Spellcasting
 + Level 3.4 Conjurations
 - Level 0.7 Summonings
 - Level 0.7 Translocations


You couldn't memorise any spells.
You knew the following spells:

 Your Spells              Type           Power        Failure   Level  Hunger
a - Magic Dart            Conj           ###.         3%          1    N/A
b - Call Imp              Summ           #.......     17%         2    N/A
e - Mephitic Cloud        Conj/Pois/Air  #.......     28%         3    N/A
s - Conjure Flame         Conj/Fire      #.......     22%         3    N/A
v - Blink                 Tloc           N/A          17%         2    N/A

Your spell library contained the following spells:

 Spells                   Type           Power        Failure   Level  Hunger
 Freeze                   Ice            #...         14%         1    N/A
 Slow                     Hex            #.......     22%         2    N/A

Dungeon Overview and Level Annotations

Branches:
Dungeon (4/15)
 Temple: D:4-7

Altars:
Gozag
Qazlal
Uskayaw
Vehumet

Annotations:
D:3 exclusion: downstairs
D:4 Dowan


Innate Abilities, Weirdness & Mutations

You do not eat or drink.
Your flesh is vulnerable to fire.
You are immune to poison.
Your flesh is cold resistant. (rC+)
You are immune to negative energy. (rN+++)
You are immune to unholy pain and torment.
You can survive without breathing.


Message History

You kill the frilled lizard!
Vehumet accepts your kill.
No target in view!
You see here a worm corpse.
Done exploring.
Done exploring.
Done exploring.
Done exploring.
There is a stone staircase leading up here.
You climb upwards.
There is a stone staircase leading down here.
Done exploring.
(D) Dungeon
Where to? (Enter - D:2 @ (x,y), ? - help)
What level of the Dungeon? (default 1, ? - help)
You climb downwards.
There is a stone staircase leading up here.
You see here 27 arrows.
There is a stone staircase leading down here.
You climb downwards.
Level annotation: exclusion: downstairs A bat, 4 orcs and an orc priest come into view.
An orc is wielding a dagger of venom.
The orc shouts! x2; The orc priest shouts!
The orc shouts!
The orc priest hits you with a trident.
The orc throws a tomahawk.
The tomahawk hits you.
There is a stone staircase leading up here.
You see here a tomahawk.
The orc closely misses you.
The orc hits you with a dagger of venom.
The orc throws a tomahawk.
The tomahawk misses you.
The tomahawk hits the orc but does no damage.
The orc misses you. The orc priest hits you with a trident.
The bat completely misses you.
You climb upwards.
There is a stone staircase leading down here.
Casting: Mephitic Cloud (safe; 28% risk of failure)
Confirm with . or Enter, or press ? or * to list all spells.
Aiming: Mephitic Cloud (safe; 28% risk of failure)
Press: ? - help, Shift-Dir - straight line, f - orc
Aim: an orc, wielding a dagger of venom You miscast Mephitic Cloud.
You are very lightly contaminated with residual magic.
You feel electric! The orc closely misses you. The orc misses you.
The orc priest hits you from afar with a trident.
The orc hits you with a war axe!
* * * LOW HITPOINT WARNING * * *
Unknown command.
Casting: Mephitic Cloud (safe; 28% risk of failure)
Confirm with . or Enter, or press ? or * to list all spells.
Aiming: Mephitic Cloud (safe; 28% risk of failure)
Press: ? - help, Shift-Dir - straight line, f/p - orc
Aim: an orc, wielding a dagger of venom The ball explodes into a vile cloud!
The stinking cloud engulfs the orc.
The stinking cloud engulfs the orc priest.
The stinking cloud engulfs you!
The stinking cloud engulfs the orc. x2
The orc is engulfed in noxious fumes.
The orc appears confused.
The orc hits you with a dagger of venom.
* * * LOW HITPOINT WARNING * * *
The orc hits you with a club.
* * * LOW HITPOINT WARNING * * *
The orc priest is engulfed in noxious fumes.
The orc priest appears confused.
The orc hits you with a war axe!
You die...

...###+###..........###.#
###...............#.#...#
# #.......).......#.#.###
#.......).......#.#.#
#.......######....#.#
#.....(..# ######.#
####...#.# #.#
######.#.#.####### #.#
..(...........oo@# #.#
.....(.......##oo# #.#
#.#.#.#.#..#.##..# #.#
......((...#.##..####.#
.#.#.#.#.#...##.......#
.............##.####†.#
#.#.#(#.#.#..#...###..#
.............#).......#
.#.#.#.#.#.#....#####.#


You could see an orc priest (confused) and 3 orcs.

Vanquished Creatures
  3 adders (D:2)
  3 worms (D:2)
  2 leopard geckos (D:2)
  An orc (D:3)
  6 bats
  A giant cockroach (D:1)
  6 hobgoblins
  A quokka (D:2)
  6 frilled lizards
  6 goblins
  7 kobolds
  4 rats
46 creatures vanquished.

Vanquished Creatures (collateral kills)
  An adder (D:2)
1 creature vanquished.

Grand Total: 47 creatures vanquished

Notes
Turn   | Place    | Note
-------+----------+-------------------------------------------
     0 | D:1      | Amnesiac the Mummy Wizard began the quest for the Orb.
     0 | D:1      | Reached XP level 1. HP: 13/13 MP: 5/5
    91 | D:2      | Reached skill level 1 in Conjurations
    91 | D:2      | Reached XP level 2. HP: 14/19 MP: 0/7
    95 | D:2      | Learned a level 2 spell: Blink
    98 | D:2      | Learned a level 2 spell: Call Imp
   248 | D:3      | Found a hide-covered altar of Uskayaw.
   249 | D:3      | Found a stormy altar of Qazlal.
   249 | D:3      | Found an opulent altar of Gozag.
   251 | D:4      | Noticed Dowan
   254 | D:3      | Found a radiant altar of Vehumet.
   262 | D:3      | Became a worshipper of Vehumet
   708 | D:1      | Reached XP level 3. HP: 24/24 MP: 0/8
   713 | D:1      | Learned a level 3 spell: Mephitic Cloud
  1328 | D:1      | Reached * piety under Vehumet
  1328 | D:1      | Offered knowledge of Freeze by Vehumet.
  1689 | D:2      | Reached XP level 4. HP: 28/30 MP: 1/10
  1715 | D:2      | Learned a level 3 spell: Conjure Flame
  2040 | D:2      | Slain by an orc

Vault maps used:
D:1:      dpeg_arrival_snail
D:2:      hex_large
D:3:      chequers_temple_overflow_statue_of_worship,
          chequers_ecumenical_altar_island
D:4:      first_ration, uniq_duvessa

Skill      XL: |  1  2  3 |
---------------+----------+-----
Conjurations   | 1 2 3 |  3.4
Dodging        | |  1.5
Stealth        | |  1.5
Spellcasting   | |  4.0
Summonings     | |  0.7
Translocations | |  0.7

Action                   |  1- 3 |  4- 6 || total
-------------------------+-------+-------++-------
Melee: Spear             |     6 |    22 ||    28
 Cast: Magic Dart        |    90 |     7 ||    97
       Call Imp          |     3 |       ||     3
       Mephitic Cloud    |       |     3 ||     3
  Use: Scroll            |     4 |       ||     4
 Stab: Confused          |       |     4 ||     4
Armor: Robe              |     4 |     3 ||     7
Dodge: Dodged            |    27 |    12 ||    39

Table legend:
 A = Non-vault XP
 B = Vault XP
 C = Vault XP percentage of total XP
 D = Non-vault monster count
 E = Vault monster count
 F = Vault count percentage of total count
                 A         B        C        D         E       F
            +---------+---------+-------+---------+---------+-------
      Total |     127 |       0 |   0.0 |      47 |       0 |   0.0
            +---------+---------+-------+---------+---------+-------
        D:1 |      26 |       0 |   0.0 |      16 |       0 |   0.0
        D:2 |      88 |       0 |   0.0 |      22 |       0 |   0.0
        D:3 |      13 |       0 |   0.0 |       9 |       0 |   0.0
            +---------+---------+-------+---------+---------+-------
